 Dungeon Crawl Stone Soup version 0.28-a0-664-gc179e30c89 (webtiles) character file.

Game seed: 1697985907163687878

1600 timneilson the Covered (level 8, -1/49 HPs)
             Began as a Gargoyle Fighter on Oct 17, 2021.
             Was an Initiate of Okawaru.
             Slain by Prince Ribbit (10 damage)
             ... on level 5 of the Dungeon.
             The game lasted 00:08:55 (6398 turns).

timneilson the Covered (Gargoyle Fighter)           Turns: 6398, Time: 00:08:56

Health: -1/49      AC: 18    Str: 21    XL:     8   Next: 94%
Magic:  8/8        EV:  7    Int: 10    God:    Okawaru [......]
Gold:   336        SH: 10    Dex:  9    Spells: 7/7 levels left

rFire   . . .      SeeInvis .   a - +1 long sword
rCold   . . .      Faith    .   j - +1 kite shield
rNeg    + . .      Spirit   .   c - +0 chain mail
rPois   ∞          Reflect  .   (no helmet)
rElec   +          Harm     .   l - +0 cloak
rCorr   .          Rampage  .   n - +0 pair of gloves
Will    .....                   (no boots)
Stlth   ..........              (no amulet)
HPRegen 0.16/turn               (no ring)
MPRegen 0.11/turn               (no ring)

@: no status effects
A: sickness immunity, AC +5, negative energy resistance 1, electricity
resistance, torment resistance 1, petrification resistance
a: Renounce Religion


You were on level 5 of the Dungeon.
You worshipped Okawaru.
Okawaru was noncommittal.
You visited 2 branches of the dungeon, and saw 7 of its levels.

You collected 336 gold pieces.

Inventory:

Hand Weapons
 a - a +1 long sword (weapon)
Armour
 c - a +0 chain mail (worn)
 j - a +1 kite shield (worn)
 l - a +0 cloak (worn)
 n - a +0 pair of gloves (worn)
 p - a +0 helmet
Jewellery
 f - a +4 ring of protection
Wands
 b - a wand of iceblast (8)
 i - a wand of flame (4)
Potions
 e - 2 potions of lignification
 g - a potion of brilliance
 h - 2 potions of flight
 k - a potion of curing
 o - a potion of heal wounds
 q - a potion of cancellation


   Skills:
 + Level 5.1 Fighting
 * Level 5.0 Long Blades
 * Level 6.6 Armour
 + Level 2.6 Dodging
 * Level 6.5 Shields
 + Level 1.1 Invocations
 + Level 2.6 Evocations


You had 7 spell levels left.
You didn't know any spells.
Your spell library contained the following spells:

 Spells                   Type           Power      Damage    Failure   Level
 Apportation              Tloc           0%         N/A       100%        1
 Sandblast                Erth           0%         2d4       100%        1
 Passwall                 Tmut/Erth      0%         N/A       100%        2
 Stone Arrow              Conj/Erth      0%         3d7       100%        3
 Fireball                 Conj/Fire      0%         3d3       100%        5
 Iskenderun's Battlesphe  Conj           0%         2d6       100%        5
 Conjure Ball Lightning   Conj/Air       0%         3x3d6     100%        6
 Orb of Destruction       Conj           0%         N/A       100%        7
 Animate Skeleton         Necr           Unusable   N/A       N/A         1
 Summon Small Mammal      Summ           Unusable   N/A       N/A         1

Dungeon Overview and Level Annotations

Branches:
Dungeon (6/15)             Temple (1/1) D:5

Altars:
Ashenzari
Cheibriados
Dithmenos
Elyvilon
Fedhas
Gozag
Hepliaklqana
Kikubaaqudgha
Makhleb
Nemelex Xobeh
Okawaru
Qazlal
Ru
Sif Muna
Trog
Uskayaw
Vehumet
Wu Jian
Xom
Yredelemnul
Zin
The Shining One

Shops:
D:3 *

Annotations:
D:5 Prince Ribbit


Innate Abilities, Weirdness & Mutations

You are immune to sickness and miasma.
Your stone body is resilient. (AC +5)
You are immune to poison.
You resist negative energy. (rN+)
You are resistant to electric shocks. (rElec)
You are resistant to unholy torment.
You are immune to petrification.


Message History

You block Prince Ribbit's attack.
You miss Prince Ribbit.
Prince Ribbit is moderately wounded.
You block Prince Ribbit's attack. Prince Ribbit barely misses you.
You closely miss Prince Ribbit.
Prince Ribbit is moderately wounded.
Prince Ribbit hits you but does no damage.
You miss Prince Ribbit.
Prince Ribbit is moderately wounded.
You block Prince Ribbit's attack.
Prince Ribbit hits you but does no damage.
You completely miss Prince Ribbit.
Prince Ribbit is moderately wounded.
Prince Ribbit hits you! You block Prince Ribbit's attack.
You miss Prince Ribbit.
Prince Ribbit is moderately wounded.
Prince Ribbit blinks!
Prince Ribbit blinks!
Things that are here:
a +0 whip; a +0 robe; a +0 spear Prince Ribbit hits you but does no damage.
You miss Prince Ribbit.
Prince Ribbit is moderately wounded.
Prince Ribbit asks, "Just a little smooch?"
Prince Ribbit hits you but does no damage.
Prince Ribbit hits you.
You miss Prince Ribbit.
Prince Ribbit is moderately wounded.
Prince Ribbit croaks regally.
Prince Ribbit hits you but does no damage.
You block Prince Ribbit's attack.
You closely miss Prince Ribbit.
Prince Ribbit is moderately wounded.
Prince Ribbit hits you. Prince Ribbit completely misses you.
You miss Prince Ribbit.
Prince Ribbit is moderately wounded.
Prince Ribbit hits you!
* * * LOW HITPOINT WARNING * * *
Prince Ribbit hits you!
You die...

.<..........###...###.#
#########..###.....##.#
.........#..#.........#
########....#........###
..########..#..........#
.....................###
....###...#.........##
..####..####...F....#######
..####.## ##...@...#.....#
.......# ##.....##.....#
...#..########...))##...<.#
...#>.......##.##>##......#
.###.[......##.##)#.......#
.# #........##..#.#.#.....#
.# #..........#.....###.###
.# #.)........>...### #.#
.#########....##..# ##.#


You could see Prince Ribbit.

Vanquished Creatures
  A centaur zombie (D:5)
  Sigmund (D:3)
  A water moccasin (D:3)
  An ice beast (D:5)
  A necrophage (D:5)
  A sky beast (D:5)
  An ogre (D:4)
  A phantom (D:5)
  A scorpion (D:5)
  2 jellies
  A gnoll shaman (D:5)
  2 hounds
  3 bullfrog skeletons (D:5)
  Ijyb (D:3)
  Natasha (thrice) (D:2)
  An iguana (D:5)
  An orc wizard (D:3)
  2 howler monkey skeletons (D:4)
  3 adders
  2 gnolls (D:5)
  A white imp (D:5)
  2 dart slugs
  9 orcs
  3 ball pythons (D:1)
  8 endoplasms
  3 giant cockroaches
  6 goblins
  6 hobgoblins
  2 jackals (D:1)
  11 kobolds
  5 quokkas
  10 bats
  4 frilled lizards
  5 rats
105 creatures vanquished.

Vanquished Creatures (others)
  An orc wizard (D:3)
  A hobgoblin (D:3)
  2 plants (D:1)
  5 toadstools (D:1)
9 creatures vanquished.

Grand Total: 114 creatures vanquished

Notes
Turn   | Place    | Note
-------+----------+-------------------------------------------
     0 | D:1      | timneilson the Gargoyle Fighter began the quest for the
                  | Orb.
     0 | D:1      | Reached XP level 1. HP: 14/14 MP: 1/1
   312 | D:1      | Reached XP level 2. HP: 17/19 MP: 2/2
   817 | D:1      | Reached XP level 3. HP: 16/23 MP: 3/3
  1585 | D:2      | Noticed Natasha
  1593 | D:2      | Killed Natasha
  1594 | D:2      | Reached XP level 4. HP: 27/28 MP: 4/4
  1600 | D:2      | Noticed Natasha
  1607 | D:2      | Killed Natasha
  1855 | D:2      | Noticed Natasha
  1860 | D:2      | Killed Natasha
  1861 | D:2      | Reached XP level 5. HP: 26/33 MP: 5/5
  2171 | D:3      | Noticed Ijyb
  2187 | D:3      | Killed Ijyb
  2188 | D:3      | Reached skill level 1 in Dodging
  2199 | D:3      | Noticed Sigmund
  2372 | D:3      | Killed Sigmund
  2373 | D:3      | Reached skill level 1 in Evocations
  2373 | D:3      | Reached XP level 6. HP: 14/38 MP: 0/6
  2839 | D:3      | Found Ankoehe's General Store.
  2848 | D:3      | Noticed a water moccasin
  2881 | D:3      | Killed a water moccasin
  2882 | D:3      | Reached skill level 5 in Armour
  2882 | D:3      | Reached XP level 7. HP: 7/43 MP: 7/7
  3192 | D:3      | Found a faded altar of an unknown god.
  3315 | D:3      | Reached skill level 5 in Shields
  3715 | D:3      | Found a shimmering altar of Xom.
  5314 | D:5      | Entered Level 5 of the Dungeon
  5538 | D:5      | Reached XP level 8. HP: 43/48 MP: 8/8
  5656 | D:5      | Identified the +6 mace "Bymuy" {antimagic, rF+ Will+}
  5679 | D:5      | Found a staircase to the Ecumenical Temple.
  5698 | Temple   | Entered the Ecumenical Temple
  5774 | Temple   | Became a worshipper of Warmaster Okawaru
  6010 | D:5      | Reached skill level 5 in Fighting
  6210 | D:6      | Noticed Prince Ribbit
  6218 | D:6      | Reached skill level 1 in Invocations
  6380 | D:5      | Reached skill level 5 in Long Blades
  6398 | D:5      | Slain by Prince Ribbit

Illustrated notes

Levels and vault maps discovered:
D:1:      saegor_arrival_simple_b, layout_basic, serial_forest,
          infiniplex_forest_clump_long, infiniplex_forest_clump_large,
          infiniplex_forest_clump_cross, infiniplex_forest_end_2,
          infiniplex_forest_straight_3, minmay_gold_behind_fungi, minivault_14
D:2:      layout_loops_cross, uniq_natasha
D:3:      layout_loops_corners, xom_confusion_cloud, serial_shops,
          nicolae_shop_competitors_out_of_business,
          chequers_ecumenical_altar_simple, uniq_ijyb, uniq_sigmund
D:4:      layout_basic
D:5:      layout_rooms, minmay_temple_entry_grid
D:6:      layout_rooms, gammafunk_ghost_gnarly_gnolls,
          nicolae_shop_sticking_my_neck_out, uniq_prince_ribbit1,
          uniq_crazy_yiuf_cottage, uniq_edmund
Temple:   grunt_wide_crystal_templ

Skill      XL: |  1  2  3  4  5  6  7  8 |
---------------+-------------------------+-----
Long Blades    | 2 3 4 5 |  5.0
Armour         | 4 5 6 |  6.6
Shields        | 4 6 |  6.5
Dodging        | 1 2 |  2.6
Fighting       | 4 5 |  5.1
Evocations     | 1 2 |  2.6
Invocations    | 1 |  1.1

Action                   |  1- 3 |  4- 6 |  7- 9 || total
-------------------------+-------+-------+-------++-------
Melee: Long sword        |   128 |    77 |   286 ||   491
  Use: Scroll            |     4 |     2 |     6 ||    12
       Potion            |       |     3 |     1 ||     4
Armor: Scale mail        |    56 |       |       ||    56
       Chain mail        |    25 |    60 |   198 ||   283
Dodge: Dodged            |    55 |    16 |    63 ||   134
Block: Buckler           |    12 |       |       ||    12
       Kite shield       |    45 |    46 |   144 ||   235

Table legend: (Time is in decaauts)
 A = Elapsed time spent in this place.
 B = Non-inter-level travel time spent in this place.
 C = Inter-level travel time spent in this place.
 D = Time resting spent in this place.
 E = Time spent auto-exploring this place.
 F = Levels seen in this place.
 G = Mean time per level.
                   A        B        C        D        E       F      G
               +--------+--------+--------+--------+--------+-----+--------+
         Total |   6611 |   6461 |    150 |    701 |   4477 |   7 |  944.4 |
       Dungeon |   6507 |   6372 |    135 |    701 |   4408 |   6 | 1084.5 |
        Temple |    103 |     88 |     15 |      0 |     69 |   1 |  103.0 |
               +--------+--------+--------+--------+--------+-----+--------+

Top non-repeatable levels by time:
     D:3: 1721 daAuts
     D:4: 1341 daAuts
     D:1: 1256 daAuts
     D:2: 1148 daAuts
     D:5: 1012 daAuts
  Temple: 103 daAuts
     D:6: 28 daAuts
